Map: Opérations galactiques EC

Players

zidar - Winner!

  • Race: Zerg Zerg
  • League: Platinum
  • Spawn Location: 7:00

Асгард

  • Race: Protoss Protoss
  • League: Gold
  • Spawn Location: 1:00

VOD

Have the link to the VOD?

Description

Time

  • Played on: Oct. 10, 2016, 11:21 a.m.
  • Length: 10:43
Show
View Real Time Build Order
Export as new Build Order

zidar Zerg - Winner!

Build Orders: Pool First 

Get SALT Encoding   

  12  0:01  Drone  
  13  0:17  Overlord  
  13  0:22  Drone  
  14  0:38  Drone x2  
  16  0:44  Spawning Pool  
  16  0:46  Drone  
  16  1:19  Drone x2  
  16  1:21  Hatchery  
  17  1:26  Extractor  
  17  1:31  Zergling x4  
  18  1:54  Drone x2  
  20  2:02  Queen  
  20  2:05  Overlord  
  22  2:27  Hatchery  
  21  2:31  Drone  
  21  2:33  Metabolic Boost  
  22  2:44  Drone x2  
  24  3:06  Roach Warren, Drone x3  
  24  3:12  Overlord  
  26  3:23  Queen  
  27  3:42  Spore Crawler  
  27  3:45  Queen  
  28  3:57  Spore Crawler  
  28  3:59  Roach x3  
  33  4:05  Spore Crawler  
  32  4:12  Drone x3  
  35  4:30  Drone x3  
  38  4:37  Spine Crawler  
  37  4:49  Spine Crawler  
  36  4:53  Drone x5  
  41  5:02  Lair  
  41  5:08  Drone x2  
  41  5:13  Overlord  
  43  5:22  Drone x3  
  43  5:26  Extractor  
  45  5:53  Roach  
  45  5:54  Roach x5  
  57  5:57  Overlord  
  57  5:58  Overlord x2  
  57  6:01  Glial Reconstitution  
  57  6:23  Hydralisk Den  
  56  6:31  Drone x4  
  56  6:32  Drone x2  
  62  6:35  Drone x8  
  62  6:38  Drone x2  
  72  6:51  Pneumatized Carapace  
  72  7:04  Infestation Pit  
  72  7:06  Drone  
  72  7:07  Drone x4  
  76  7:10  Extractor  
  76  7:13  Extractor  
  74  7:17  Extractor  
  74  7:19  Extractor  
  74  7:20  Muscular Augments  
  72  7:24  Hydralisk x2  
  76  7:32  Overseer  
  76  7:47  Overlord x5  
  76  8:02  Evolution Chamber, Hive  
  76  8:05  Evolution Chamber  
  74  8:13  Drone x10  
  74  8:17  Hydralisk x6  
  96  8:26  Drone x4  
  96  8:27  Drone  
  101  8:44  Zerg Ground Armor Level 1  
  101  8:45  Zerg Missile Weapons Level 1  
  101  8:47  Hydralisk x4  
  109  8:58  Drone x3  
  109  8:59  Drone  
  109  9:02  Drone  
  114  9:04  Overlord  
  114  9:05  Overlord x2  
  114  9:06  Overlord  
  114  9:10  Overseer  
  96  9:52  Queen  
  96  9:55  Hydralisk x14  
  96  9:57  Roach x4  
  134  10:00  Queen  
  136  10:24  Spore Crawler  
  136  10:27  Spine Crawler  
Show
View Real Time Build Order
Export as new Build Order

Асгард Protoss 

Build Orders: Dark Templar Rush 

Get SALT Encoding   

  12  0:01  Probe (Chrono Boost)  
  13  0:12  Probe (Chrono Boost)  
  14  0:18  Pylon  
  14  0:22  Probe (Chrono Boost)  
  15  0:36  Probe (Chrono Boost)  
  15  0:40  Forge  
  16  0:46  Probe (Chrono Boost)  
  17  0:56  Pylon  
  18  0:57  Probe (Chrono Boost)  
  18  1:09  Gateway  
  18  1:25  Assimilator  
  18  1:29  Assimilator  
  18  1:40  Photon Cannon  
  18  1:57  Cybernetics Core  
  18  2:09  Pylon  
  18  2:14  Probe (Chrono Boost)  
  19  2:23  Gateway  
  19  2:24  Probe (Chrono Boost)  
  19  2:28  Pylon  
  20  2:35  Twilight Council  
  20  2:37  Warp Gate (Chrono Boost)  
  20  3:00  Mothership Core  
  22  3:21  Probe  
  23  3:30  Dark Shrine  
  23  3:33  Probe  
  24  3:45  Probe  
  25  3:53  Pylon  
  25  3:57  Probe  
  25  3:58  Gateway  
  25  4:00  Gateway  
  26  4:12  Pylon  
  26  4:18  Gateway  
  26  4:53  Stargate  
  26  4:56  Dark Templar x2  
  30  5:00  Dark Templar  
  32  5:07  Dark Templar  
  28  5:38  Void Ray  
  30  6:03  Zealot x4  
  30  6:04  Zealot  
  40  6:12  Pylon  
  40  6:15  Pylon  
  40  6:27  Charge (Chrono Boost)  
  40  6:31  Zealot x4  
  40  6:32  Zealot  
  50  6:53  Pylon  
  50  7:01  Zealot x3  
  50  7:07  Zealot  
  58  7:16  Dark Templar  
  60  7:40  Zealot x2  
  60  7:41  Zealot  
  60  7:42  Zealot  
  68  7:59  Pylon  
  68  8:03  Dark Templar  
  70  8:21  Zealot  
  70  8:22  Zealot x2  
  76  8:27  Zealot  
  78  9:00  Nexus  
  40  9:49  Dark Templar x2  
  40  9:50  Dark Templar  
Tags
 
Add a new tag
Caveats
  • Supply blocks, unpowered buildings, or Contaminate may cause inaccurate times.
  • Supply counts are checked every 10 seconds.